 Dungeon Crawl Stone Soup version 0.26-a0-1106-g6dfc622489 (webtiles) character file.

Game seed: 3634442662135524319

7360 KristoblXynda the Carver (level 10, -3/136 HPs)
             Began as a Yellow Draconian Gladiator on Dec 16, 2020.
             Was a Priest of Ashenzari.
             Slain by an orc knight
             ... wielding a +0 war axe
              (10 damage)
             ... in a bailey.
             The game lasted 00:11:58 (9254 turns).

KristoblXynda the Carver (DrGl)                     Turns: 9254, Time: 00:11:59

Health: -3/136     AC:  9    Str: 21    XL:     10   Next: 91%
Magic:  10/10      EV: 17    Int: 11    God:    Ashenzari [***...]
Gold:   478        SH:  0    Dex: 13    Spells: 9/9 levels left

rFire    . . .     SeeInvis +   l - +7 great sword of the Shrike {venom, rC+ Str+4} (curse)
rCold    + . .     Faith    .   (shield currently unavailable)
rNeg     + . .     Spirit   .   (armour unavailable)
rPois    .         Reflect  .   b - +1 hat
rElec    .         Harm     .   s - +0 cloak (curse)
rCorr    +         Rampage  .   (no gloves)
Will     .....                  (no boots)
Stlth    ..........             (no amulet)
HPRegen  0.32/turn              n - ring of see invisible
MPRegen  0.12/turn              w - ring of positive energy

@: berserking (expiring), very quick
A: spit acid, unfitting armour, cold-blooded, acid resistance, AC +7
a: Breathe Acid, Curse Item, Scrying, Renounce Religion


You were in a bailey.
You worshipped Ashenzari.
Ashenzari was most pleased with you.
You visited 2 branches of the dungeon, and saw 11 of its levels.
You also visited: Bailey.

You collected 478 gold pieces.

Inventory:

Hand Weapons
 a - a +1 long sword of freezing
 l - the cursed +7 great sword of the Shrike (weapon) {venom, rC+ Str+4}
   (You found it on level 2 of the Dungeon)

   It poisons the flesh of those it strikes.
   It affects your strength (+4).
   It protects you from cold.
   It has a curse placed upon it.
Armour
 b - a +1 hat (worn)
 s - a cursed +0 cloak (worn)
 D - a +0 buckler
Jewellery
 g - an uncursed ring of ice
 n - a ring of see invisible (left hand)
 w - a ring of positive energy (right hand)
 x - an uncursed ring of magical power
Wands
 q - a wand of disintegration (14)
 y - a wand of iceblast (5)
Scrolls
 d - 5 scrolls of blinking
 i - 5 scrolls of remove curse
 j - 2 scrolls of enchant weapon
 m - 2 scrolls of enchant armour
 p - 3 scrolls of fog
 t - a scroll of teleportation
 v - a scroll of amnesia
 H - a scroll of immolation
Potions
 e - 4 potions of curing
 f - 3 potions of brilliance
 h - 3 potions of magic
 o - 3 potions of resistance
 z - a potion of might {unknown}
 A - 3 potions of flight {unknown}
 B - a potion of lignification {unknown}
 G - a potion of haste


   Skills:
 + Level 9.5 Fighting
 + Level 12.0(15.4) Long Blades
 - Level 2.0 Throwing
 + Level 8.2 Dodging
 + Level 1.1 Evocations


You had 9 spell levels left.
You didn't know any spells.
Your spell library contained the following spells:

 Spells                   Type           Power        Failure   Level
 Confusing Touch          Hex            #.......     71%         3
 Gell's Gravitas          Tloc           #.........   71%         3
 Petrify                  Tmut/Erth      #.......     98%         4
 Metabolic Englaciation   Hex/Ice        #.........   100%        5
 Yara's Violent Unravell  Hex/Tmut       #.........   100%        5


Dungeon Overview and Level Annotations

Branches:
Dungeon (10/15)            Temple (1/1) D:5            Lair (0/6) D:8
    Orc (0/2) D:9          Bailey (1/1)

Altars:
Ashenzari
Cheibriados
Dithmenos
Elyvilon
Fedhas
Gozag
Hepliaklqana
Kikubaaqudgha
Makhleb
Nemelex Xobeh
Okawaru
Qazlal
Ru
Sif Muna
Trog
Uskayaw
Vehumet
Wu Jian
Xom
Yredelemnul
Zin
The Shining One


Innate Abilities, Weirdness & Mutations

You can spit globs of acid.
Your golden yellow scales are hard. (AC +7)
You cannot fit into any form of body armour.
You are cold-blooded and may be slowed by cold attacks.
You are resistant to acid. (rCorr)


Message History

The orc warrior hits you but does no damage.
Unknown command.
You barely miss the orc knight.
The orc knight is lightly wounded.
The orc knight hits you with a +0 war axe!
* * * LOW HITPOINT WARNING * * *
The goblin hits you but does no damage.
The hobgoblin struggles against the net.
The net rips apart, and the hobgoblin comes free!
You slash the orc knight!
The orc knight is poisoned.
The orc knight is moderately wounded.
The orc warrior hits you with a +0 hand axe!
* * * LOW HITPOINT WARNING * * *
Unknown command.
You slice the orc knight!!
The orc knight looks as sick as possible!
Your tail-slap misses the orc knight.
The orc knight is severely wounded.
The orc knight hits you with a +0 war axe!
You die...

###.....### ###...
##.........###.....
#..........)#......
#..........))......
#.....⌠....)#.....⌠
#...........#......
#...........#......
*##.o.......###.....
* #@#.....###,###...
#...og###.###, ,
,###. #?.....gg ###
, , , , ##
??........8* , ,#
?.........8* , , ,#
∩....⌠.....+, , , #
!.........8# ,#
!!........8# ,, ,,,
# * , , , #


You could see an orc knight (extremely poisoned), an orc warrior (strong), a
hobgoblin and 2 goblins.

Vanquished Creatures
  Fannar (D:10)
  3 two-headed ogres
  An orc knight (Bailey)
  Maggie (D:9)
  A wyvern (D:8)
  Grum (D:10)
  Menkaure (D:4)
  A water moccasin (D:7)
  Duvessa (D:5)
  A sky beast (D:5)
  An orc warrior (Bailey)
  A phantom (D:5)
  4 ice beasts
  4 ogres
  3 wolves (D:10)
  A centaur (D:5)
  Blork the orc (D:6)
  A big kobold (D:8)
  6 bullfrogs
  Dowan (D:5)
  3 scorpions
  A howler monkey (D:6)
  2 bullfrog zombies (D:8)
  A quasit (D:6)
  2 bullfrog skeletons
  2 jellies
  3 orc priests
  5 hounds
  A centaur skeleton (D:9)
  6 iguanas
  5 orc wizards
  10 worker ants
  A hound zombie (D:5)
  A hound skeleton (D:5)
  2 worker ant zombies
  A gnoll (Bailey)
  6 adders
  2 shadow imps
  6 white imps
  An ufetubus (D:6)
  2 oozes
  2 adder zombies
  5 worms
  3 adder skeletons
  11 leopard geckos
  23 orcs
  2 ball pythons
  6 bats
  3 giant cockroaches
  18 hobgoblins
  8 jackals
  13 kobolds
  7 quokkas
  5 frilled lizards
  A giant cockroach zombie (D:5)
  20 goblins
  A quokka skeleton (D:8)
  9 rats
235 creatures vanquished.

Vanquished Creatures (others)
  A plant (D:7)
1 creature vanquished.

Grand Total: 236 creatures vanquished

Notes
Turn   | Place    | Note
-------+----------+-------------------------------------------
     0 | D:1      | KristoblXynda the Draconian Gladiator began the quest for
                  | the Orb.
     0 | D:1      | Reached XP level 1. HP: 17/17 MP: 1/1
   546 | D:1      | Reached XP level 2. HP: 25/25 MP: 2/2
  1149 | D:2      | Found a transporter.
  1155 | D:2      | Found an iron altar of Okawaru.
  1188 | D:2      | Reached XP level 3. HP: 27/30 MP: 3/3
  1385 | D:2      | Noticed a scorpion
  1401 | D:2      | Killed a scorpion
  1402 | D:2      | Reached skill level 4 in Long Blades
  1402 | D:2      | Reached XP level 4. HP: 14/38 MP: 4/4
  2033 | D:2      | Found a transporter.
  2069 | D:2      | Reached XP level 5. HP: 42/45 MP: 5/5
  2094 | D:2      | Got a steaming great sword
  2095 | D:2      | Identified the +7 great sword of the Shrike {venom, rC+
                  | Str+4} (You found it on level 2 of the Dungeon)
  2657 | D:3      | You fall into a shaft and drop 1 floor!
  2682 | D:4      | Noticed Menkaure
  2688 | D:4      | Killed Menkaure
  2689 | D:4      | Reached skill level 5 in Long Blades
  2689 | D:4      | Reached XP level 6. HP: 19/52 MP: 6/6
  3254 | D:4      | You fall into a shaft and drop 1 floor!
  3254 | D:5      | Entered Level 5 of the Dungeon
  4081 | D:5      | Noticed a sky beast
  4085 | D:5      | Killed a sky beast
  4128 | D:5      | Your scales start taking on a golden yellow colour.
  4128 | D:5      | Reached XP level 7. HP: 60/60 MP: 7/7
  4128 | D:5      | Gained mutation: You are resistant to acid. (rCorr) [Yellow
                  | Draconian growth]
  4140 | D:5      | Reached skill level 6 in Long Blades
  4350 | D:5      | Found a staircase to the Ecumenical Temple.
  4359 | Temple   | Entered the Ecumenical Temple
  4449 | Temple   | Became a worshipper of Ashenzari the Shackled
  4884 | D:5      | Noticed Duvessa
  4888 | D:5      | Killed Duvessa
  4888 | D:5      | Noticed Dowan
  4889 | D:5      | Reached skill level 5 in Fighting
  4891 | D:5      | Killed Dowan
  4941 | D:5      | Reached skill level 7 in Long Blades
  5280 | D:6      | Reached skill level 5 in Dodging
  5280 | D:6      | Reached XP level 8. HP: 66/69 MP: 8/8
  5339 | D:6      | Noticed Blork the orc
  5347 | D:6      | Killed Blork the orc
  5512 | D:6      | Reached skill level 8 in Long Blades
  5548 | D:6      | Reached * piety under Ashenzari
  5624 | D:6      | Found a stormy altar of Qazlal.
  6460 | D:7      | Found a blossoming altar of Fedhas.
  6618 | D:7      | Reached XP level 9. HP: 78/78 MP: 9/9
  6700 | D:7      | Reached skill level 9 in Long Blades
  6883 | D:8      | Noticed a two-headed ogre
  6889 | D:8      | Killed a two-headed ogre
  7022 | D:8      | Reached ** piety under Ashenzari
  7112 | D:8      | Reached skill level 10 in Long Blades
  7498 | D:8      | Found a staircase to the Lair.
  7659 | D:8      | Found a glowing silver altar of Zin.
  7662 | D:8      | Found an ornate altar of the Wu Jian Council.
  7665 | D:8      | Found a basalt altar of Yredelemnul.
  7740 | D:9      | Found a sparkling altar of Nemelex Xobeh.
  7936 | D:9      | Noticed a two-headed ogre
  7944 | D:9      | Killed a two-headed ogre
  7945 | D:9      | Reached XP level 10. HP: 51/90 MP: 10/10
  8224 | D:9      | Noticed a two-headed ogre
  8225 | D:9      | Found a staircase to the Orcish Mines.
  8229 | D:9      | Killed a two-headed ogre
  8230 | D:9      | Reached skill level 11 in Long Blades
  8415 | D:9      | Noticed Maggie
  8419 | D:9      | Killed Maggie
  8731 | D:10     | Entered Level 10 of the Dungeon
  8731 | D:10     | Noticed Fannar
  8737 | D:10     | Killed Fannar
  8832 | D:10     | Found a flagged portal.
  8833 | D:10     | Noticed Grum
  8845 | D:10     | Killed Grum
  8877 | Bailey   | Entered a bailey
  9027 | Bailey   | Reached *** piety under Ashenzari
  9227 | Bailey   | Noticed an orc knight
  9230 | Bailey   | Noticed an orc knight
  9243 | Bailey   | Killed an orc knight
  9244 | Bailey   | Reached skill level 12 in Long Blades
  9244 | Bailey   | Reached skill level 1 in Evocations
  9254 | Bailey   | Slain by an orc knight

Illustrated notes

Levels and vault maps discovered:
D:1:      dpeg_arrival_three_bigger_balls, layout_loops_corners, moated_statue
D:2:      layout_basic, gammafunk_temple_overflow_arena
D:3:      layout_loops_cross, minmay_curled_crystal, kennysheep_pointless_box,
          feat_on_display
D:4:      layout_loops_corners, grunt_ministairs_11, uniq_menkaure
D:5:      layout_loops_corners, minmay_temple_entry_waves, chequers_arboretum,
          kennysheep_generic_room_3, uniq_duvessa
D:6:      layout_rooms, basic_altar, minmay_misc_feat_rows, uniq_blork_the_orc
D:7:      layout_loops_cross, fedhas_ov_isle_minmay
D:8:      layout_rooms, grunt_temple_overflow_diamond, lair_entry_dummy,
          lemuel_old_faithful
D:9:      layout_basic, david_orc_3, nemelex_spade_bored_becter, uniq_maggie
D:10:     layout_roguey, basic_altar, enter_bailey_5, uniq_grum, uniq_nergalle,
          uniq_fannar
Temple:   eino_narrow_crystal_temple
Bailey:   bailey_axe_minmay_hex_keep, bailey

Skill      XL: |  1  2  3  4  5  6  7  8  9 10 |
---------------+-------------------------------+-----
Throwing       | 2 |  2.0
Dodging        | 3 4 5 6 7 8 |  8.2
Fighting       | 3 4 5 6 8 9 |  9.5
Long Blades    | 4 5 7 8 10 12 | 12.0
Evocations     | 1 |  1.1

Action                   |  1- 3 |  4- 6 |  7- 9 | 10-12 || total
-------------------------+-------+-------+-------+-------++-------
Melee: Long sword        |    60 |    45 |       |       ||   105
       Tailslap          |     7 |    17 |    31 |    21 ||    76
       Great sword       |       |    55 |   183 |   117 ||   355
Throw: Throwing net      |       |       |       |     3 ||     3
Invok: Curse Item        |       |       |     1 |       ||     1
 Abil: Breathe Acid      |       |       |     1 |     3 ||     4
  Use: Scroll            |       |     5 |    13 |       ||    18
       Potion            |       |       |     2 |     2 ||     4
 Stab: Sleeping          |     3 |     2 |     2 |       ||     7
       Held in net/web   |       |       |       |     2 ||     2
Armor: Skin              |    23 |    29 |    78 |    34 ||   164
Dodge: Dodged            |    58 |    75 |   187 |   124 ||   444
       Rpst.: Long sword |    12 |    11 |       |       ||    23
       Great sword       |       |    13 |    55 |    31 ||    99

Table legend: (Time is in decaauts)
 A = Elapsed time spent in this place.
 B = Non-inter-level travel time spent in this place.
 C = Inter-level travel time spent in this place.
 D = Time resting spent in this place.
 E = Time spent auto-exploring this place.
 F = Levels seen in this place.
 G = Mean time per level.
                   A        B        C        D        E       F      G
               +--------+--------+--------+--------+--------+-----+--------+
         Total |   9345 |   9036 |    309 |   1667 |   5755 |  12 |  778.8 |
       Dungeon |   8720 |   8423 |    297 |   1391 |   5568 |  10 |  872.0 |
        Temple |    253 |    241 |     12 |      0 |    187 |   1 |  253.0 |
        Bailey |    371 |    371 |      0 |    276 |      0 |   1 |  371.0 |
               +--------+--------+--------+--------+--------+-----+--------+

Top non-repeatable levels by time:
     D:4: 1145 daAuts
     D:1: 1132 daAuts
     D:2: 1126 daAuts
     D:5: 1083 daAuts
     D:9: 1020 daAuts
     D:7: 965 daAuts
     D:8: 915 daAuts
     D:6: 595 daAuts
     D:3: 590 daAuts
  Bailey: 371 daAuts
  Temple: 253 daAuts
    D:10: 145 daAuts
